 Dungeon Crawl Stone Soup version 0.29-a0-317-gd16b76e6b1 (webtiles) character file.

Game seed: 11601558051659419831

59165 Murumi the Blocker (level 15, -7/118 (120) HPs)
             Began as a Formicid Abyssal Knight on Mar 31, 2022.
             Was the Champion of Lugonu.
             Killed from afar by an electric eel (9 damage)
             ... with a bolt of electricity
             ... on level 6 of the Lair of Beasts.
             The game lasted 01:29:28 (19747 turns).

Murumi the Blocker (Formicid Abyssal Knight)       Turns: 19747, Time: 01:29:28

HP:   -7/118 (120)  AC: 21    Str: 31    XL:     15   Next: 33%
MP:   24/24         EV:  7    Int: 19    God:    Lugonu [******]
Gold: 680           SH: 21    Dex: 11    Spells: 19/24 levels left

rFire   . . .      SeeInvis +   O - +3 great mace (venom)
rCold   . . .      Faith    .   j - +4 tower shield
rNeg    . . .      Spirit   .   t - +1 plate armour {rPois}
rPois   +          Reflect  .   (helmet unavailable)
rElec   .          Harm     .   b - scarf {+Inv}
rCorr   +          Rampage  .   f - +2 pair of gloves {infuse}
Will    +....                   H - +0 pair of boots
Stlth   ..........              g - amulet of regeneration
HPRegen 1.09/turn               m - +6 ring of strength
MPRegen 0.19/turn               M - ring "Cumyvazy" {rCorr Str+3 Int+6}

@: lightly drained
A: permanent stasis, dig shafts and tunnels, antennae 3, four strong arms
a: Dig, Shaft Self, Renounce Religion, Evoke Invisibility, Depart the Abyss,
Bend Space, Banish, Corrupt, Enter the Abyss, Brand Weapon With Distortion


You were on level 6 of the Lair of Beasts.
You worshipped Lugonu.
Lugonu was exalted by your worship.
You visited 3 branches of the dungeon, and saw 19 of its levels.
You visited the Abyss 1 time.
You also visited: Bailey and Volcano.

You collected 1763 gold pieces.
You spent 1083 gold pieces at shops.

Inventory:

Hand Weapons
 C - a +0 demon whip of venom
 G - a +0 vampiric great mace
 O - a +3 great mace of venom (weapon)
Armour
 b - a scarf of invisibility (worn)
 f - a +2 pair of gloves of infusion (worn)
 j - a +4 tower shield (worn)
 t - a +1 plate armour of poison resistance (worn)
 H - a +0 pair of boots (worn)
Jewellery
 g - an amulet of regeneration (around neck)
 h - the ring "Yfiun" {Wiz rPois Int+4 Dex+2}
   (You found it on level 5 of the Lair of Beasts)

   [ring of wizardry]

   It improves your spell success rate.
   Int:       It affects your intelligence (+4).
   Dex:       It affects your dexterity (+2).
   rPois:     It protects you from poison.
 m - a +6 ring of strength (left hand)
 q - a +6 ring of strength
 y - a ring of protection from fire
 D - a ring of protection from cold
 J - a ring of willpower
 M - the ring "Cumyvazy" (right hand) {rCorr Str+3 Int+6}
   (You bought it in a shop on level 11 of the Dungeon)

   [ring of intelligence]

   Str:       It affects your strength (+3).
   Int:       It affects your intelligence (+6).
   rCorr:     It protects you from acid and corrosion.
Wands
 c - a wand of iceblast (22)
 k - a wand of flame (22)
 p - a wand of mindburst (20)
 B - a wand of acid (3)
 P - a wand of paralysis (5)
Scrolls
 i - a scroll of magic mapping
 o - a scroll of amnesia
 A - 5 scrolls of fear
 I - a scroll of identify
 K - a scroll of fog
Potions
 a - 6 potions of lignification
 d - 8 potions of brilliance
 e - 11 potions of flight
 r - 8 potions of curing
 s - a potion of cancellation
 u - 4 potions of might
 v - 2 potions of resistance
 w - a potion of magic
 x - 2 potions of invisibility
 z - 2 potions of ambrosia
 E - 2 potions of attraction
 L - a potion of heal wounds
 N - a potion of mutation
Miscellaneous
 l - a condenser vane
 n - a piece from Xom's chessboard (15/15)
 F - a box of beasts


   Skills:
 - Level 12.0 Fighting
 - Level 10.0 Maces & Flails
 + Level 11.3 Armour
 - Level 4.0 Dodging
 - Level 9.0 Stealth
 - Level 13.0 Shields
 - Level 5.0 Spellcasting
 - Level 5.0 Ice Magic
 - Level 13.0 Invocations
 - Level 6.0 Evocations


You had 19 spell levels left.
You knew the following spells:

 Your Spells              Type           Power      Damage    Failure   Level
a - Frozen Ramparts       Ice            46%        1d6       67%         3
b - Wereblood             Tmut           4%         N/A       98%         2

Your spell library contained the following spells:

 Spells                   Type           Power      Damage    Failure   Level
 Freeze                   Ice            92%        1d10      32%         1
 Beastly Appendage        Tmut           8%         N/A       94%         1
 Magic Dart               Conj           16%        1d3       94%         1
 Pain                     Necr           16%        1d4       94%         1
 Sandblast                Erth           8%         2d5       94%         1
 Slow                     Hex            16%        N/A       94%         1
 Call Imp                 Summ           4%         N/A       98%         2
 Searing Ray              Conj           8%         2d4       98%         2
 Confusing Touch          Hex            4%         N/A       100%        3
 Dazzling Flash           Conj/Hex       8%         N/A       100%        3
 Mephitic Cloud           Conj/Pois/Air  4%         N/A       100%        3
 Spider Form              Tmut/Pois      4%         N/A       100%        3
 Vampiric Draining        Necr           4%         2d6       100%        3
 Fulminant Prism          Conj/Hex       2%         3d6       100%        4
 Hailstorm                Conj/Ice       14%        3d5       100%        4
 Agony                    Necr           4%         N/A       100%        5
 Blade Hands              Tmut           2%         N/A       100%        5
 Excruciating Wounds      Necr           2%         N/A       100%        5
 Irradiate                Conj/Tmut      2%         3d14      100%        5
 Silence                  Hex/Air        2%         N/A       100%        5
 Iron Shot                Conj/Erth      2%         9d2       100%        6
 Statue Form              Tmut/Erth      2%         N/A       100%        6
 Dragon Form              Tmut           2%         N/A       100%        7
 Haunt                    Necr/Summ      2%         N/A       100%        7


Dungeon Overview and Level Annotations

Branches:
Dungeon (12/15)            Temple (1/1) D:5            Lair (6/6) D:9
  Swamp (0/4) Lair:3        Snake (0/4) Lair:3        Slime (0/5) Lair:6
    Orc (0/2) D:11         Bailey (visited)         Volcano (visited)

Altars:
Ashenzari
Cheibriados
Dithmenos
Elyvilon
Fedhas
Gozag
Hepliaklqana
Kikubaaqudgha
Makhleb
Nemelex Xobeh
Okawaru
Qazlal
Ru
Sif Muna
Trog
Uskayaw
Vehumet
Wu Jian
Xom
Yredelemnul
Zin
The Shining One

Shops:
D:6 (   D:11 =

Annotations:
D:1 2 transporters
Lair:1 2 transporters, fly's ghost, journeyman KoHu
Lair:5 2 transporters, Wiypapt's ghost, journeyman DjCj


Innate Abilities, Weirdness & Mutations

You cannot be hasted, slowed, berserked, paralysed or teleported.
You can dig through walls and to a lower floor.
You have a pair of large antennae on your head. (SInv)
Your four strong arms can wield two-handed weapons with a shield.


Message History

The bolt of electricity hits the electric eel.
The electric eel completely resists.
The electric eel shoots out a bolt of lightning at you!
The bolt of electricity hits you!
You barely miss the electric eel.
The electric eel shoots out a bolt of lightning at you!
The bolt of electricity misses you. The bolt of electricity hits you.
The bolt of electricity hits the electric eel.
The electric eel completely resists.
The electric eel shoots out a bolt of lightning at you!
The bolt of electricity hits the electric eel.
The electric eel completely resists.
The bolt of electricity hits you.
You barely miss the electric eel.
The electric eel shoots out a bolt of lightning at you!
The bolt of electricity misses you. x2
The bolt of electricity hits the electric eel.
The electric eel completely resists.
You barely miss the electric eel.
The electric eel shoots out a bolt of lightning at you!
The bolt of electricity hits you! x2
* * * LOW HITPOINT WARNING * * *
The bolt of electricity hits the electric eel.
The electric eel completely resists.
You closely miss the electric eel.
The electric eel shoots out a bolt of lightning at you!
The bolt of electricity hits you!
* * * LOW HITPOINT WARNING * * *
The bolt of electricity hits you.
* * * LOW HITPOINT WARNING * * *
The bolt of electricity hits the electric eel.
The electric eel completely resists.
The electric eel shoots out a bolt of lightning at you!
The bolt of electricity hits you!
* * * LOW HITPOINT WARNING * * *
The electric eel shoots out a bolt of lightning at you!
The bolt of electricity hits you.
* * * LOW HITPOINT WARNING * * *
The electric eel shoots out a bolt of lightning at you!
The bolt of electricity hits you!
You die...

...<.........#
#.......... #......##..
###P...# .. ###### ##
#### ##.. ##..###
###...####.....### ♣ #
............@....♣≈♣
######.##...SSP≈≈≈P ##.#
####...≈≈≈P≈≈≈ ##..##
#.....≈≈≈≈≈≈ #....###
##...≈≈≈≈PP≈ #......#
#P....≈≈≈≈≈≈ .......##
##.....≈≈P≈≈≈
.......P####......≈≈≈≈≈≈
.........#.#.....≈≈P≈≈≈≈


You could see 2 electric eels.

Vanquished Creatures
  Rupert (Lair:5)
  Gastronok (Lair:3)
  4 hydras
  A boulder beetle (D:11)
  4 catoblepae (Lair:6)
  A death knight (D:12)
  9 death yaks
  Urug (D:10)
  Amaemon (D:11)
  2 skeletal warriors (Volcano)
  A bog body (Lair:3)
  An anaconda skeleton (Volcano)
  2 manticores (Lair:6)
  An ugly thing (D:8)
  3 cyclopes
  A wolf spider (Lair:5)
  5 elephants
  2 oklob plants (Lair:4)
  A torpor snail (Lair:6)
  An orange demon (D:11)
  10 black mambas
  Maurice (D:8)
  5 gargoyles
  14 cane toads
  2 rime drakes (Lair:2)
  8 komodo dragons
  A polar bear (Lair:4)
  A hornet (D:11)
  A troll (D:12)
  11 blink frogs
  3 slime creatures (D:11)
  2 harpy skeletons (Volcano)
  5 dream sheep (Lair:6)
  3 flying skulls (Volcano)
  An alligator skeleton (Volcano)
  3 wyverns
  2 shadows
  60 yaks
  7 basilisks
  A wraith (D:9)
  Grum (D:8)
  3 nagas (Lair:3)
  2 acid dragons (D:11)
  A floating eye (Lair:4)
  19 water moccasins
  2 orc warriors
  3 black bears
  An ogre (D:6)
  A sky beast (D:5)
  6 wolves
  4 centaurs
  17 bullfrogs
  A gnoll sergeant (D:7)
  6 scorpions
  3 necrophages
  10 wights
  34 killer bees
  A troll skeleton (Volcano)
  5 spriggan skeletons (Volcano)
  4 howler monkeys
  3 hounds
  5 jellies
  2 orc priests
  A gnoll shaman (D:5)
  6 hell rats (Lair:5)
  9 orc wizards
  A naga skeleton (Volcano)
  A mummy (D:6)
  Robin (D:2)
  21 gnolls
  10 adders
  2 shadow imps (D:6)
  An ufetubus (D:7)
  A worm (D:2)
  4 dart slugs
  47 orcs
  2 ball pythons
  10 endoplasms
  3 giant cockroaches
  19 goblins
  12 hobgoblins
  3 jackals (D:4)
  A kobold (D:4)
  5 quokkas
  4 bats
  2 frilled lizards (D:1)
  11 rats
495 creatures vanquished.

Vanquished Creatures (others)
  An orc wizard (D:5)
  41 fungi
  54 plants
96 creatures vanquished.

Grand Total: 591 creatures vanquished

Notes
Turn   | Place    | Note
-------+----------+-------------------------------------------
     0 | Abyss:1  | Murumi the Formicid Abyssal Knight began the quest for the
                  | Orb.
     0 | Abyss:1  | Reached XP level 1. HP: 18/18 MP: 2/2
    99 | Abyss:1  | Noticed a raiju
   101 | D:1      | Escaped the Abyss
   101 | D:1      | Found a transporter.
   101 | D:1      | Found a transporter.
   135 | D:1      | Reached skill level 1 in Dodging
   169 | D:1      | Reached ** piety under Lugonu
   170 | D:1      | Reached XP level 2. HP: 21/25 MP: 3/3
   548 | D:1      | Reached XP level 3. HP: 30/30 MP: 4/4
   671 | D:1      | Found a faded altar of an unknown god.
  1109 | D:2      | Reached skill level 1 in Stealth
  1111 | D:2      | Reached XP level 4. HP: 17/35 MP: 6/6
  1114 | D:2      | Noticed Robin
  1123 | D:2      | Killed Robin
  1523 | D:2      | Reached *** piety under Lugonu
  1824 | D:2      | Reached XP level 5. HP: 41/41 MP: 6/8
  2624 | D:4      | Reached XP level 6. HP: 38/48 MP: 9/9
  2845 | D:4      | Reached XP level 7. HP: 49/54 MP: 10/10
  2930 | D:4      | Learned a level 3 spell: Frozen Ramparts
  3014 | D:4      | Reached skill level 5 in Shields
  3212 | D:5      | Entered Level 5 of the Dungeon
  3343 | D:5      | Reached skill level 1 in Evocations
  3343 | D:5      | Reached skill level 1 in Spellcasting
  3343 | D:5      | Reached skill level 1 in Ice Magic
  3397 | D:5      | Reached **** piety under Lugonu
  3504 | D:5      | Reached skill level 5 in Invocations
  3504 | D:5      | Reached XP level 8. HP: 54/60 MP: 11/11
  3719 | D:5      | Found a staircase to the Ecumenical Temple.
  3728 | Temple   | Entered the Ecumenical Temple
  4329 | D:6      | Noticed a yak
  4343 | D:6      | Killed a yak
  4344 | D:6      | Reached skill level 5 in Fighting
  4476 | D:6      | Reached skill level 5 in Armour
  4655 | D:6      | Reached XP level 9. HP: 68/68 MP: 11/13
  5104 | D:6      | Found a snail-covered altar of Cheibriados.
  5174 | D:6      | Found Errierol's Antique Weapon Shoppe.
  5363 | D:7      | Reached skill level 5 in Maces & Flails
  5697 | D:7      | Reached XP level 10. HP: 76/76 MP: 15/15
  5726 | D:7      | Reached ***** piety under Lugonu
  5966 | D:8      | Noticed a cyclops
  5986 | D:8      | Killed a cyclops
  6016 | D:8      | Found a flagged portal.
  6022 | Bailey   | Entered a bailey
  6230 | Bailey   | Noticed an orc knight
  6241 | Bailey   | Banished an orc knight
  6525 | D:8      | Noticed Grum
  6552 | D:8      | Killed Grum
  6789 | D:8      | Noticed Maurice
  6817 | D:8      | Killed Maurice
  7297 | D:8      | Noticed a cyan ugly thing
  7302 | D:8      | Killed a cyan ugly thing
  7303 | D:8      | Reached skill level 5 in Stealth
  7660 | D:9      | Reached XP level 11. HP: 79/84 MP: 17/17
  7817 | D:9      | Found a staircase to the Lair.
  7819 | D:9      | Noticed an elephant
  7836 | D:9      | Killed an elephant
  8727 | D:9      | Identified the +5 leather armour of the Lich-sworn {Str+6}
  8759 | D:10     | Entered Level 10 of the Dungeon
  9077 | D:10     | Noticed Urug
  9087 | D:10     | Killed Urug
  9224 | D:10     | You fall into a shaft and drop 1 floor!
  9225 | D:11     | Noticed a cyclops
  9247 | D:11     | Killed a cyclops
  9480 | D:10     | Reached skill level 10 in Shields
  9925 | D:11     | Found Quodweyb's Jewellery Shoppe.
  9935 | D:11     | Noticed a boulder beetle
  9977 | D:11     | Killed a boulder beetle
  9978 | D:11     | Reached XP level 12. HP: 51/94 MP: 4/18
 10128 | D:11     | Noticed Amaemon
 10149 | D:11     | Killed Amaemon
 10155 | D:11     | Reached skill level 10 in Invocations
 10543 | D:11     | Found a staircase to the Orcish Mines.
 10694 | D:11     | Identified the +0 leather armour of the Candlemaker {Will-
                  | Regen+ Int+3 Dex+7}
 10709 | D:12     | Noticed a death knight
 10879 | D:12     | Killed a death knight
 11207 | Lair:1   | Entered Level 1 of the Lair of Beasts
 11505 | Lair:1   | Reached skill level 5 in Evocations
 11623 | Lair:1   | Identified the +4 chain mail of the Equator {-Cast rN+
                  | Dex+6}
 11898 | Lair:1   | Identified the +3 leather armour of Fedhas's Grace {Dex+2}
 11919 | Lair:1   | Noticed fly's ghost (journeyman KoHu)
 11921 | Lair:1   | Found a transporter.
 11936 | Lair:1   | Found a transporter.
 12224 | Lair:2   | Reached XP level 13. HP: 60/101 MP: 15/20
 12276 | Lair:2   | Found a dark tunnel.
 12284 | Volcano  | Entered a volcano
 12721 | Volcano  | Reached ****** piety under Lugonu
 12722 | Volcano  | Reached skill level 10 in Fighting
 12894 | Volcano  | Reached skill level 10 in Armour
 13231 | Lair:2   | Found a blossoming altar of Fedhas.
 14013 | Lair:2   | Identified the +8 hand axe "Uqabam" {vorpal, rC+ Dex+7}
 14210 | Lair:3   | Noticed Gastronok
 14242 | Lair:3   | Killed Gastronok
 14384 | Lair:3   | Reached XP level 14. HP: 83/105 MP: 20/23
 14409 | Lair:3   | Found a staircase to the Swamp.
 14545 | Lair:3   | Identified the +2 scale mail of Yblayxus {Fly rF- Dex+4}
 14687 | Lair:3   | Found a staircase to the Snake Pit.
 15657 | Lair:4   | Reached skill level 5 in Spellcasting
 15926 | Lair:4   | Reached skill level 5 in Ice Magic
 16576 | D:11     | Bought the ring "Cumyvazy" {rCorr Str+3 Int+6} for 1083
                  | gold pieces
 16959 | Lair:5   | You fall into a shaft and drop 1 floor!
 16959 | Lair:6   | Entered Level 6 of the Lair of Beasts
 16959 | Lair:6   | Found a staircase to the Slime Pits.
 17628 | Lair:5   | Noticed Rupert
 17646 | Lair:5   | Killed Rupert
 17646 | Lair:5   | HP: 3/113 [poisoned by Rupert]
 17647 | Lair:5   | Reached skill level 10 in Maces & Flails
 17881 | Lair:5   | Found a transporter.
 17916 | Lair:5   | Found a transporter.
 17921 | Lair:5   | Noticed Wiypapt's ghost (journeyman DjCj)
 18655 | Lair:5   | Identified the ring "Yfiun" {Wiz rPois Int+4 Dex+2}
 18966 | Lair:6   | Reached XP level 15. HP: 86/118 MP: 18/24
 19347 | Lair:6   | Got the Catalogue of the Escort and Stones
 19446 | Lair:6   | Learned a level 2 spell: Wereblood
 19747 | Lair:6   | HP: 2/118 [electric eel/bolt of electricity (6)]
 19747 | Lair:6   | Killed from afar by an electric eel

Illustrated notes

Levels and vault maps discovered:
D:1:      spicycebolla_arrival_teleporter_tutorial, layout_rooms,
          dreamdust_ecumenical_altar_hidden_monk_grotto, serial_bayou_pond_d
D:2:      layout_basic, minmay_misc_feat_hallway, minmay_goblin_outpost,
          uniq_robin
D:3:      layout_rooms
D:4:      layout_cave_pools, serial_column_ruins, column_ruins_grid_1,
          column_ruins_corridor_corner, column_ruins_corridor_straight,
          column_ruins_open_medium
D:5:      nicolae_cairo_tiling, layout_basic
D:6:      layout_cave_pools, slow_altar_2, serial_shops,
          nicolae_shop_behind_doors, hellmonk_bongcloud_opening
D:7:      layout_basic, minivault_23
D:8:      layout_basic, enter_bailey_3, kennysheep_just_a_vault, uniq_grum,
          uniq_maurice
D:9:      layout_roguey, david_lair_generic
D:10:     layout_roguey, uniq_urug
D:11:     layout_rooms, orc_0_dummy, serial_shops, shop_statue, uniq_amaemon
D:12:     layout_roguey, minmay_misc_feat_doors
Temple:   kilobyte_greek_temple
Lair:1:   layout_big_grid, gammafunk_ghost_arena, grunt_megastairs_1
Lair:2:   layout_misc_corridors, basic_altar, nicolae_volcano_entry_two_sided,
          serial_bayou_crossing, lemuel_fruit_tree
Lair:3:   layout_regular_city, skrybe_swamp_entry_bodies,
          guppyfry_snake_entry_garden, serial_bayou_shore_b, uniq_gastronok
Lair:4:   layout_cave_pods, disabler_island
Lair:5:   nzn_winding_woodlands_medium [nzn_winding_woodlands_5x5_default,
          nzn_winding_woodlands_5x15_sawtooth,
          nzn_winding_woodlands_5x5_default, nzn_winding_woodlands_hourglass,
          nzn_winding_woodlands_center_diamonds,
          nzn_winding_woodlands_5x5_default,
          nzn_winding_woodlands_5x5_open_star,
          nzn_winding_woodlands_5x15_zeroes, nzn_winding_woodlands_5x5_cross],
          layout_regular_city, gammafunk_ghost_berserking_beasts, uniq_rupert
Lair:6:   evilmike_catoblepas_cave, layout_gridlike,
          nicolae_slime_entry_slimehenge, eino_small_chamber_without_monster,
          minmay_stone_trees_small, serial_bayou_shore_a

Skill      XL: |  1  2  3  4  5  6  7  8  9 10 11 12 13 14 15 |
---------------+----------------------------------------------+-----
Dodging        | 1 2 3 4 |  4.0
Fighting       | 4 5 6 7 8 9 10 11 12 | 12.0
Armour         | 3 4 5 6 7 8 9 10 11 | 11.3
Invocations    | 3 4 5 7 8 9 10 12 13 | 13.0
Stealth        | 1 2 3 4 5 6 7 8 9 |  9.0
Maces & Flails | 3 4 5 6 7 8 9 10 | 10.0
Shields        | 2 4 5 6 7 8 10 11 12 13 | 13.0
Evocations     | 2 3 4 5 6 |  6.0
Spellcasting   | 1 2 3 4 5 |  5.0
Ice Magic      | 1 2 3 4 5 |  5.0

Action                   |  1- 3 |  4- 6 |  7- 9 | 10-12 | 13-15 || total
-------------------------+-------+-------+-------+-------+-------++-------
Melee: Mace              |    62 |       |       |       |       ||    62
       Whip              |    69 |   226 |   439 |    21 |       ||   755
       Punch             |       |     2 |       |       |       ||     2
       Dire flail        |       |       |       |   662 |   141 ||   803
       Great mace        |       |       |       |       |   699 ||   699
Invok: Depart the Abyss  |     1 |       |       |       |       ||     1
       Banish            |       |       |       |     5 |       ||     5
 Abil: Dig               |     1 |     2 |     2 |     7 |    18 ||    30
  Use: Scroll            |     3 |     7 |     5 |    20 |     5 ||    40
       Potion            |       |       |       |     3 |     2 ||     5
 Stab: Invisible         |       |       |       |     1 |     3 ||     4
Armor: Leather armour    |     4 |       |       |       |       ||     4
       Scale mail        |    49 |    36 |       |       |       ||    85
       Plate armour      |       |    91 |   132 |   204 |   306 ||   733
Dodge: Dodged            |    61 |    49 |    36 |   114 |   143 ||   403
Block: Tower shield      |       |    63 |   311 |   689 |   836 ||  1899

Table legend: (Time is in decaauts)
 A = Elapsed time spent in this place.
 B = Non-inter-level travel time spent in this place.
 C = Inter-level travel time spent in this place.
 D = Time resting spent in this place.
 E = Time spent auto-exploring this place.
 F = Levels seen in this place.
 G = Mean time per level.
                   A        B        C        D        E       F      G
               +--------+--------+--------+--------+--------+-----+--------+
         Total |  20351 |  18767 |   1584 |    101 |  13357 |  22 |  925.0 |
       Dungeon |  10855 |   9825 |   1030 |     43 |   6989 |  12 |  904.6 |
        Temple |    177 |    162 |     15 |      0 |    158 |   1 |  177.0 |
          Lair |   7859 |   7321 |    538 |     43 |   5304 |   6 | 1309.8 |
         Abyss |    103 |    103 |      0 |      0 |    100 |   1 |  103.0 |
        Bailey |    487 |    487 |      0 |     15 |    190 |   1 |  487.0 |
       Volcano |    867 |    867 |      0 |      0 |    615 |   1 |  867.0 |
               +--------+--------+--------+--------+--------+-----+--------+

Top non-repeatable levels by time:
  Lair:6: 1693 daAuts
     D:9: 1481 daAuts
  Lair:4: 1466 daAuts
  Lair:5: 1267 daAuts
     D:8: 1260 daAuts
  Lair:3: 1245 daAuts
  Lair:2: 1172 daAuts
     D:2: 1121 daAuts
    D:11: 1076 daAuts
     D:5: 1061 daAuts
  Lair:1: 1013 daAuts
    D:10: 932 daAuts
 Volcano: 867 daAuts
     D:1: 863 daAuts
     D:6: 822 daAuts
